 Dungeon Crawl Stone Soup version 0.20.0 (webtiles) character file.

375 ChaseSP the Digger (level 6, 0/32 HPs)
             Began as a Gargoyle Earth Elementalist on May 25, 2017.
             Slain by an iguana (9 damage)
             ... on level 4 of the Dungeon.
             The game lasted 00:05:36 (3283 turns).

ChaseSP the Digger (Gargoyle Earth Elementalist)    Turns: 3283, Time: 00:05:37

Health: 0/32       AC: 11    Str: 12    XL:     6   Next: 72%
Magic:  6/9        EV: 11    Int: 17    God:
Gold:   143        SH:  0    Dex: 10    Spells: 0/9 levels left

rFire    + . .     SeeInvis .   s - +0 quarterstaff
rCold    . . .     Gourm    .   (shield currently unavailable)
rNeg     + . .     Faith    .   g - +2 leather armour {rF+}
rPois    ∞         Spirit   .   r - +0 helmet
rElec    +         Reflect  .   w - +0 cloak
rCorr    .         Harm     .   (no gloves)
MR       .....                  (no boots)
Stlth    ++........             (no amulet)
Regen    0.1/turn               (no ring)
MPRegen  0.2/turn               (no ring)

@: no status effects
A: negative energy resistance 1, electricity resistance, unbreathing,
petrification resistance, rot immunity, AC +4
a: no special abilities


You were on level 4 of the Dungeon.
You were not hungry.

You visited 1 branch of the dungeon, and saw 4 of its levels.

You collected 143 gold pieces.

Inventory:

Hand Weapons
 s - a +0 quarterstaff (weapon)
Missiles
 b - 49 stones (quivered)
Armour
 g - a +2 leather armour of fire resistance (worn)
 r - a +0 helmet (worn)
 w - a +0 cloak (worn)
Scrolls
 j - 3 scrolls of remove curse
 k - 2 scrolls of recharging {unknown}
 l - a scroll of amnesia {unknown}
 n - a scroll of magic mapping {unknown}
 o - a scroll of enchant armour {unknown}
 q - a scroll of noise {unknown}
 t - a scroll of blinking {unknown}
 v - a scroll of teleportation {unknown}
Potions
 a - a potion of might {unknown}
 f - 2 potions of curing
 h - 2 potions of ambrosia
 i - 2 potions of cancellation {unknown}
 m - a potion of mutation {unknown}
 u - a potion of haste {unknown}
Books
 e - a book of Geomancy

   Spells                             Type                      Level
   a - Sandblast                      Earth                        1
   b - Passwall                       Transmutation/Earth          2
   c - Stone Arrow                    Conjuration/Earth            3
   d - Petrify                        Transmutation/Earth          4
   e - Lee's Rapid Deconstruction     Earth                        5
Comestibles
 c - 3 chunks of flesh
 d - 4 bread rations
 p - a meat ration


   Skills:
 + Level 0.0 Fighting
 + Level 0.2 Armour
 - Level 1.5 Dodging
 - Level 2.1 Stealth
 - Level 2.0 Spellcasting
 - Level 3.1 Conjurations
   Level 0.7 Transmutations
 * Level 7.9 Earth Magic


You couldn't memorise any spells.
You knew the following spells:

 Your Spells              Type           Power        Failure   Level  Hunger
a - Sandblast             Erth           ####..       1%          1    #......
b - Stone Arrow           Conj/Erth      ###...       8%          3    ###....
c - Lee's Rapid Deconstr  Erth           ####......   26%         5    ######.


Dungeon Overview and Level Annotations

Branches:
Dungeon (4/15)
 Temple: D:4-7

Altars:
Dithmenos
Xom


Innate Abilities, Weirdness & Mutations

You are resistant to torment.
Your stone body is resilient. (AC +4)
You are immune to poison.
You resist negative energy. (rN+)
You are resistant to electric shocks. (rElec)
You can survive without breathing.
You are immune to petrification.
You are immune to rotting.


Message History

The iguana bites you.
* * * LOW HITPOINT WARNING * * *
Casting: Sandblast
Confirm with . or Enter, or press ? or * to list all spells.
Aiming: Sandblast
Press: ? - help, Shift-Dir - straight line, f/p - iguana
Aim: an iguana The blast of sand hits the iguana.
b - 50 stones The iguana barely misses you.
Casting: Sandblast
Confirm with . or Enter, or press ? or * to list all spells.
Aiming: Sandblast
Press: ? - help, Shift-Dir - straight line, f/p - iguana
Aim: an iguana The blast of sand hits the iguana.
The iguana is lightly wounded.
b - 49 stones The iguana bites you!
You die...

#.....# #.....# #....$#
#.....# #+ ..... ...
..Z.# ######
....###l.#######....#
.......@....#....##.#
...##...###.#.#..##.###
#.#..........#...<#
...#.(...#.#.#######
#.###...#.#..#.# ..
#.....#.?#.# .
........>.#.#
.......##.....#
#.#####.##.#####


You could see an iguana and a jackal skeleton.

Vanquished Creatures
  A bullfrog (D:3)
  A hound (D:3)
  Crazy Yiuf (D:2)
  2 jellies (D:2)
  Terence (D:3)
  4 gnolls (D:2)
  6 adders
  An ooze (D:2)
  A worm (D:1)
  A dart slug (D:3)
  2 leopard geckos
  2 orcs (D:3)
  A ball python (D:2)
  8 bats
  4 giant cockroaches
  4 goblins
  8 hobgoblins
  An iguana (D:2)
  12 jackals (D:2)
  3 quokkas
  5 frilled lizards
  3 kobolds
  A quokka skeleton (D:4)
  5 rats
78 creatures vanquished.

Notes
Turn   | Place    | Note
-------+----------+-------------------------------------------
     0 | D:1      | ChaseSP the Gargoyle Earth Elementalist began the quest for the Orb.
     0 | D:1      | Reached XP level 1. HP: 10/10 MP: 3/3
   249 | D:1      | Reached skill level 4 in Earth Magic
   381 | D:1      | Reached XP level 2. HP: 15/15 MP: 5/5
   974 | D:2      | Found a shimmering altar of Xom.
  1076 | D:2      | Reached skill level 5 in Earth Magic
  1076 | D:2      | Reached XP level 3. HP: 18/19 MP: 2/6
  1081 | D:2      | Learned a level 3 spell: Stone Arrow
  1088 | D:2      | Reached XP level 4. HP: 24/24 MP: 2/7
  1317 | D:2      | Reached skill level 1 in Conjurations
  1321 | D:2      | Found a shadowy altar of Dithmenos.
  1346 | D:2      | Reached skill level 6 in Earth Magic
  1729 | D:2      | Reached XP level 5. HP: 28/28 MP: 8/8
  2304 | D:2      | Found a runed door.
  2308 | D:2      | Noticed Crazy Yiuf
  2310 | D:2      | Killed Crazy Yiuf
  2310 | D:2      | Reached skill level 7 in Earth Magic
  2405 | D:3      | Reached XP level 6. HP: 32/32 MP: 9/9
  2416 | D:3      | Learned a level 5 spell: Lee's Rapid Deconstruction
  2488 | D:3      | Noticed Terence
  2497 | D:3      | Killed Terence
  3283 | D:4      | Slain by an iguana

Skill      XL: |  1  2  3  4  5  6 |
---------------+-------------------+-----
Earth Magic    | 4 5 6 7 |  7.9
Conjurations   | 1 2 3 |  3.1
Armour         | |  0.2
Dodging        | |  1.5
Stealth        | |  2.1
Spellcasting   | |  2.0
Transmutations | |  0.7

Action                   |  1- 3 |  4- 6 || total
-------------------------+-------+-------++-------
Melee: Short sword       |    53 |    27 ||    80
       Hand axe          |       |   128 ||   128
       Mace              |       |    39 ||    39
       Quarterstaff      |       |    96 ||    96
 Cast: Sandblast         |     6 |    15 ||    21
       Stone Arrow       |       |     2 ||     2
  Use: Scroll            |       |     4 ||     4
 Stab: Sleeping          |       |     5 ||     5
  Eat: Chunk             |     1 |     8 ||     9
Armor: Leather armour    |    31 |   206 ||   237
Dodge: Dodged            |    45 |   248 ||   293
